 Dungeon Crawl Stone Soup version 0.29-a0-231-g945431f764 (webtiles) character file.

Game seed: 363722023803171880

242 Aksej the Skirmisher (level 5, 0/42 HPs)
             Began as a Demonspawn Monk on Mar 1, 2022.
             Succumbed to a scorpion's poison
             ... on level 3 of the Dungeon.
             The game lasted 00:11:04 (3827 turns).

Aksej the Skirmisher (Demonspawn Monk)              Turns: 3827, Time: 00:11:04

Health: 0/42       AC:  5    Str: 12    XL:     5   Next: 82%
Magic:  5/5        EV: 13    Int: 11    God:
Gold:   126        SH:  0    Dex: 17    Spells: 4/4 levels left

rFire   . . .      SeeInvis .   a - +0 mace
rCold   . . .      Faith    .   (no shield)
rNeg    . . .      Spirit   .   b - +0 robe
rPois   .          Reflect  .   e - +0 helmet
rElec   .          Harm     .   (no cloak)
rCorr   .          Rampage  .   (no gloves)
Will    .....                   (no boots)
Stlth   ++........              (no amulet)
HPRegen 0.14/turn               (no ring)
MPRegen 0.09/turn               (no ring)

@: lethally poisoned (0 -> -9)
A: thin metallic scales 1, demonic magic 2, weakness stinger 1
a: no special abilities


You were on level 3 of the Dungeon.
You visited 1 branch of the dungeon, and saw 4 of its levels.

You collected 126 gold pieces.

Inventory:

Hand Weapons
 a - a +0 mace (weapon)
Missiles
 f - a boomerang (quivered)
Armour
 b - a +0 robe (worn)
 e - a +0 helmet (worn)
Jewellery
 c - a ring of ice
 g - a ring of wizardry
Scrolls
 d - 2 scrolls of teleportation
 j - a scroll of silence {unknown}
 k - a scroll of immolation {unknown}
 l - 2 scrolls of vulnerability
 m - a scroll of fear {unknown}
 n - a scroll of holy word {unknown}


   Skills:
 * Level 4.2 Fighting
 + Level 4.1 Maces & Flails
 + Level 1.5 Throwing
 + Level 3.3 Dodging
 + Level 2.4 Stealth


You had 4 spell levels left.
You didn't know any spells.
Your spell library contained the following spells:

 Spells                   Type           Power      Damage    Failure   Level
 Sandblast                Erth           0%         2d4       34%         1
 Passwall                 Tmut/Erth      0%         N/A       47%         2
 Conjure Flame            Conj/Fire      0%         6-21      71%         3
 Ignite Poison            Fire/Tmut/Pois 0%         N/A       71%         3
 Stone Arrow              Conj/Erth      0%         3d7       71%         3
 Sticky Flame             Conj/Fire      0%         2d3       98%         4


Dungeon Overview and Level Annotations

Branches:
Dungeon (4/15)
 Temple: D:4-7

Altars:


Innate Abilities, Weirdness & Mutations

You are partially covered in thin metallic scales. (AC +2)
Spells you cast may paralyse nearby enemies.
You have a small tail.


Message History

Aim: a scorpion (62% to hit)
You throw a boomerang.
The boomerang closely misses the scorpion.
You hit the scorpion but do no damage. The scorpion stings you. x2
You barely miss the scorpion.
The scorpion stings you but does no damage.
You closely miss the scorpion. The scorpion barely misses you.
A jelly comes into view.
The scorpion stings you.
You hit the scorpion.
The scorpion is lightly wounded.
The scorpion closely misses you.
You closely miss the scorpion. You tail-slap the scorpion.
The scorpion is lightly wounded.
The scorpion stings you!
* * * LOW HITPOINT WARNING * * *
You are poisoned.
The scorpion poisons you! The scorpion barely misses you.
* * * LOW HITPOINT WARNING * * *
You feel sick.
* * * LOW HITPOINT WARNING * * *
You feel sick.
You feel better.
The scorpion stings you but does no damage.
The scorpion stings you. The scorpion stings you!
* * * LOW HITPOINT WARNING * * *
Found 9 gold pieces.
There is a stone staircase leading up here.
The scorpion stings you.
* * * LOW HITPOINT WARNING * * *
You are lethally poisoned!
The scorpion poisons you!
You climb upwards.
* * * LOW HITPOINT WARNING * * *
You feel very sick.
There is a stone staircase leading down here.
Unknown command.
You hit the scorpion but do no damage.
You die...

##.###.#.#..#######.###
#####..##.#.#..##.........
#.........#.#..##.####.###
#.........#.#.......##.#
#.........#.##.#.#.....#
#.........#.........####
#..............#..<.#
#...................#
#........@s.....#.#.#
##########.##.......######
#................
######.########## #.# #.#
#.# #.# #.#


You could see a scorpion.

Vanquished Creatures
  A howler monkey (D:4)
  2 orc priests (D:4)
  An orc wizard (D:4)
  3 adders
  An ufetubus (D:4)
  2 worms (D:2)
  3 dart slugs (D:3)
  7 orcs
  6 ball pythons
  4 endoplasms
  3 giant cockroaches
  6 goblins
  4 hobgoblins
  2 jackals (D:2)
  A quokka (D:3)
  8 bats
  6 frilled lizards
  9 kobolds
  3 rats
72 creatures vanquished.

Vanquished Creatures (others)
  A plant (D:1)
1 creature vanquished.

Grand Total: 73 creatures vanquished

Notes
Turn   | Place    | Note
-------+----------+-------------------------------------------
     0 | D:1      | Aksej the Demonspawn Monk began the quest for the Orb.
     0 | D:1      | Reached XP level 1. HP: 18/18 MP: 1/1
   517 | D:1      | Gained mutation: You are partially covered in thin metallic
                  | scales. (AC +2) [demonic ancestry]
   517 | D:1      | Reached XP level 2. HP: 24/24 MP: 2/2
   957 | D:1      | Found a faded altar of an unknown god.
  1070 | D:2      | Gained mutation: You have a small tail. [demonic ancestry]
  1070 | D:2      | Reached XP level 3. HP: 10/29 MP: 3/3
  2326 | D:3      | Gained mutation: Spells you cast may paralyse adjacent
                  | enemies. [demonic ancestry]
  2326 | D:3      | Reached XP level 4. HP: 37/37 MP: 4/4
  3109 | D:4      | Reached skill level 1 in Throwing
  3116 | D:4      | Gained mutation: Spells you cast may paralyse nearby
                  | enemies. [demonic ancestry]
  3116 | D:4      | Reached XP level 5. HP: 9/42 MP: 5/5
  3826 | D:3      | HP: 1/42 [poisoned by a scorpion]
  3827 | D:3      | Succumbed to a scorpion's poison

Illustrated notes

Levels and vault maps discovered:
D:1:      dpeg_arrival_simpleton_b, layout_basic,
          shapermc_ecumenical_altar_mp_urbaneastern
D:2:      kennysheep_big_flooded_room, layout_rooms
D:3:      layout_basic, minmay_box_of_dots
D:4:      layout_loops_ring, minmay_temple_entry_poolview

Skill      XL: |  1  2  3  4  5 |
---------------+----------------+-----
Stealth        | 2 |  2.4
Maces & Flails | 3 4 |  4.1
Dodging        | 3 |  3.3
Fighting       | 4 |  4.2
Throwing       | 1 |  1.5

Action                   |  1- 3 |  4- 6 || total
-------------------------+-------+-------++-------
Melee: Mace              |   108 |   108 ||   216
       Punch             |     2 |     1 ||     3
       Tailslap          |     4 |    11 ||    15
Throw: Boomerang         |    34 |    27 ||    61
  Use: Scroll            |     3 |     1 ||     4
       Potion            |       |     5 ||     5
 Stab: Sleeping          |     5 |     4 ||     9
Armor: Robe              |    39 |    23 ||    62
       Skin              |       |    51 ||    51
Dodge: Dodged            |    79 |    46 ||   125

Table legend: (Time is in decaauts)
 A = Elapsed time spent in this place.
 B = Non-inter-level travel time spent in this place.
 C = Inter-level travel time spent in this place.
 D = Time resting spent in this place.
 E = Time spent auto-exploring this place.
 F = Levels seen in this place.
 G = Mean time per level.
                   A        B        C        D        E       F      G
               +--------+--------+--------+--------+--------+-----+--------+
         Total |   3895 |   3822 |     73 |      0 |   3198 |   4 |  973.8 |
       Dungeon |   3895 |   3822 |     73 |      0 |   3198 |   4 |  973.8 |
               +--------+--------+--------+--------+--------+-----+--------+

Top non-repeatable levels by time:
     D:2: 1203 daAuts
     D:1: 1056 daAuts
     D:3: 874 daAuts
     D:4: 761 daAuts
